Cogmind - Beta 13 X2 @@@ ROGUE MODE // 2024.01.31 @ 20:37:45 Player: IzRey Result: Destroyed by S-43 Plague with Heavy Machine Gun Performance ------------- Evolutions (9) 4500 Regions Visited (20) 4000 Robots Destroyed (270) 1350 Value Destroyed (11792) 11792 Prototype IDs (24) 480 Alien Tech Used (0) 0 Bonus (3605) 3605 TOTAL SCORE: 25727 Bonus ------- High Alert Combat Kills 1334 Met Warlord at Base 500 MAIN.C Attacked Warlord 500 Met Warlord at Research 2000 Friendly Fire -729 Cogmind --------- Core Integrity 0/1600 Matter 300/300 Energy 86/100 System Corruption 66% Temperature Cool (0) Movement Core (50) Location -1/Access Parts ------- > --- POWER (2) -------- (None) > --- PROPULSION (6) --- (None) > --- UTILITY (13) ----- (None) > --- WEAPON (4) ------- (None) > --- INVENTORY (5) ---- Reinforced Antimatter Reactor Biometal Leg Relay Coupler [Heavy] (13) Peak State ------------ > --- POWER ------------ Quantum Reactor Improved Quantum Reactor > --- PROPULSION ------- Armored Heavy Treads Armored Heavy Treads Advanced Heavy Treads > --- UTILITY ---------- Experimental Heat Sink Huge Storage Unit Experimental Optical Array Advanced Salvage Targeting Computer Advanced Targeting Computer Experimental Targeting Computer Experimental Core Analyzer Improved Armor Integrity Analyzer Advanced Kinecellerator Improved Medium Armor Plating Layered Medium Armor Plating Advanced Hacking Suite Minesniffer Drone Bay > --- WEAPON ----------- Railgun Helical Railgun Helical Railgun Helical Railgun > --- INVENTORY -------- Micro Antimatter Reactor Quantum Reactor Quantum Reactor Improved Quantum Reactor Improved Medium Treads Spiked Medium Treads Spiked Medium Treads Spiked Medium Treads Armored Medium Treads Biometal Medium Treads Biometal Medium Treads Armored Huge Wheel Huge Storage Unit Advanced Recalibrator Plasma Lance Vortex Lance [Rating: 193] Favorites ----------- Power Quantum Reactor Engine Light Ion Engine Power Core Micro Fission Core Reactor Quantum Reactor Propulsion Improved Treads Treads Improved Treads Leg Myomer Leg Wheel Armored Huge Wheel Hover Unit Backup Propulsion III Flight Unit VTOL Module Utility Advanced Heat Sink Device Advanced Heat Sink Storage Huge Storage Unit Processor Advanced Salvage Targeting Computer Hackware Advanced Hacking Suite Protection Layered Medium Armor Plating Weapon Helical Railgun Energy Gun Plasma Rifle Energy Cannon Enhanced Nova Cannon Ballistic Gun Helical Railgun Launcher Improved Grenade Launcher Impact Weapon Heavy Hammer Slashing Weapon Katana Piercing Weapon Vortex Lance Build | -11 -10 -9 -9 -8 -8 -7 -7 -7 -6 -6 -6 -5 -4 -4 -4 -4 -3 -3 -2 -1 ------- Run | Yrd Mat Mat Min Mat Sto Fac Was Fac Fac Low Low Fac Fac Upp Upp War Pro Res Res Acc Slots Evolved 18 | . . 2 . 2 . 2 . . 2 . . 2 2 . . . . 2 2 2 Power 1 | . . . . . . . . . . . . 1 . . . . . . . . Propulsion 4 | . . . . . . 2 . . . . . . . . . . . . 2 . Utility 11 | . . 2 . 2 . . . . 2 . . 1 1 . . . . 2 . 1 Weapon 2 | . . . . . . . . . . . . . 1 . . . . . . 1 Parts Attached 386 | 7 4 37 9 39 26 9 3 22 2 19 . 16 22 5 . 20 2 14 45 85 Power 49 | 1 . 5 1 4 2 . 1 4 . 1 . 3 4 1 . 3 . 1 9 9 Engine 15 | 1 . 4 . 2 2 . 1 4 . . . 1 . . . . . . . . Core 14 | . . 1 1 2 . . . . . 1 . 2 4 . . 3 . . . . Reactor 20 | . . . . . . . . . . . . . . 1 . . . 1 9 9 Propulsion 77 | 2 1 6 1 3 7 5 1 9 1 5 . 2 5 . . 3 . 3 4 19 Treads 59 | 2 1 6 . 2 5 5 . 5 . 4 . 1 2 . . 3 . 3 4 16 Leg 4 | . . . . . . . . . . . . 1 1 . . . . . . 2 Wheel 8 | . . . 1 1 2 . 1 . . . . . 2 . . . . . . 1 Hover 2 | . . . . . . . . 1 . 1 . . . . . . . . . . Flight 4 | . . . . . . . . 3 1 . . . . . . . . . . . Utility 142 | 2 1 14 1 15 10 2 . 3 1 11 . 5 8 2 . 6 2 7 19 33 Device 69 | 1 . 3 1 4 7 2 . . 1 3 . 3 3 . . 2 1 4 7 27 Storage 10 | 1 1 1 . 2 . . . 1 . 2 . . . . . . . . 2 . Processor 24 | . . 2 . 4 . . . . . 4 . 2 2 . . 1 . 1 5 3 Hackware 8 | . . . . 1 . . . . . . . . 1 2 . . 1 1 . 2 Protection 31 | . . 8 . 4 3 . . 2 . 2 . . 2 . . 3 . 1 5 1 Artifact . | . . . . . . . . . . . . . . . . . . . . . Weapon 118 | 2 2 12 6 17 7 2 1 6 . 2 . 6 5 2 . 8 . 3 13 24 Energy Gun 17 | . . . . 1 2 . . 1 . . . 1 1 . . 3 . 1 1 6 Energy Cannon 3 | . . . . . . . . . . . . . . 2 . . . . . 1 Ballistic Gun 59 | 2 2 8 3 10 3 . . 5 . 1 . 4 1 . . . . . 11 9 Ballistic Cannon . | . . . . . . . . . . . . . . . . . . . . . Launcher 8 | . . 2 1 . . . 1 . . 1 . 1 1 . . . . 1 . . Special Weapon . | . . . . . . . . . . . . . . . . . . . . . Impact Weapon 1 | . . . . . . . . . . . . . 1 . . . . . . . Slashing Weapon 16 | . . 2 2 6 2 2 . . . . . . 1 . . 1 . . . . Piercing Weapon 14 | . . . . . . . . . . . . . . . . 4 . 1 1 8 Special Melee Weapon . | . . . . . . . . . . . . . . . . . . . . . Unidentified Prototypes 16 | . . . . 1 . . . . . . . . 1 . . 3 . 2 9 . Corrupted Parts 8 | . . . . . . . . 4 . . . . 2 . . . . . 2 . System Corruption 31 | . . . . . . . . 20 . . . . 4 . . . . . 7 . Parts Lost 167 | . . 5 . 7 6 . 4 17 2 2 . 10 24 1 . . . 9 20 60 Power 24 | . . 3 . 2 . . 1 4 . . . 1 2 . . . . 1 3 7 Propulsion 38 | . . . . . 1 . 1 5 1 . . 2 7 . . . . 1 3 17 Utility 61 | . . 2 . 3 2 . 1 4 1 2 . 4 8 . . . . 4 8 22 Weapon 44 | . . . . 2 3 . 1 4 . . . 3 7 1 . . . 3 6 14 Highest Loss Streak 27 | . . 2 . 2 3 . 2 11 1 2 . 3 14 1 . . . 8 12 27 To Critical Strikes . | . . . . . . . . . . . . . . . . . . . . . Average Slot Usage (%) 85 | . 99 99 90 89 93 96 77 67 5 82 100 93 92 26 31 77 93 82 81 88 Engine 2 | . 14 7 . 3 9 7 3 3 . . . 2 . . . 4 . . . . Core 3 | . . 3 10 5 . . . . . 5 6 7 9 . . 4 10 6 . . Reactor 2 | . . . . . . . . . . . . . . . . . . 2 7 7 Treads 14 | . 28 21 4 . 5 30 15 5 . 22 26 21 18 . . 6 15 10 12 16 Wheel 1 | . . . 8 8 7 . 3 2 . . . . 1 . . . . . . . Device 9 | . 14 4 4 10 6 13 15 5 3 12 13 10 16 5 5 9 11 11 9 10 Storage 6 | . 14 11 11 9 9 7 6 4 . 11 13 11 3 . . . . . 3 3 Processor 20 | . . 21 22 22 27 16 15 14 . 12 13 14 21 15 15 20 21 23 20 28 Hackware 5 | . . . . 7 9 7 7 6 . . . . 2 3 10 10 10 12 10 3 Protection 3 | . . 6 6 3 2 . . 4 . 4 13 7 3 . . 4 8 3 1 2 Energy Gun 1 | . . . . . . 1 . 2 . . . 1 2 . . 6 10 5 . 1 Ballistic Gun 9 | . 27 21 19 13 9 7 3 3 . 5 6 8 6 . . . . . 9 11 Naked Turns 145 | . . . . . . . . . 58 69 . . . . . . . . . 18 Heaviest Build 175 | 12 28 35 36 95 96 95 99 16 1 39 39 49 50 11 1 60 62 78 156 175 Greatest Support 240 | 40 40 40 40 40 46 92 92 88 6 86 86 86 96 3 3 114 114 140 210 240 Greatest Overweight (x) 11 | . . . 11 3 9 1 3 2 . 1 . . . 3 . 1 . 1 . 1 Average Overweight (x) . | . . . . 1 5 . 1 . . . . . . . . . . . . . Largest Inventory Capacity 25 | 8 15 15 15 25 25 25 25 8 5 8 8 8 8 5 5 5 5 5 25 25 Average Capacity 14 | 7 12 15 15 18 25 25 23 6 5 7 8 8 6 5 5 5 5 5 20 24 Most Carried 25 | 5 15 15 15 21 24 25 25 8 5 7 7 8 8 2 3 5 5 5 21 25 Average Carried 11 | 3 10 14 14 15 21 23 21 5 5 4 7 6 5 . 2 4 4 3 12 20 Final Capacity 25 | 8 15 15 15 25 25 25 5 5 5 8 8 8 5 5 5 5 5 5 25 5 Final Carried 25 | 5 15 15 15 21 23 25 4 5 5 7 7 8 . 2 3 5 5 5 18 3 Class Distribution -------------------- 32% | Scavenger-Mutant 20% | Scavenger-Gunner 16% | Mutant 11% | Scavenger-Assassin 8% | Hacker-Mutant 7% | Derelict-Mutant Dominant Class ---------------- Mutant | -10/Materials Scavenger-Mutant | -9/Materials Mutant | -9/Mines Scavenger-Assassin | -8/Materials Scavenger-Mutant | -8/Storage Scavenger-Mutant | -7/Factory Mutant | -7/Waste Scavenger-Mutant | -7/Factory Mutant | -6/Factory Derelict-Mutant | -6/Lower Caves Derelict-Mutant | -6/Lower Caves Scavenger-Mutant | -5/Factory Scavenger-Assassin | -4/Factory Mutant | -4/Upper Caves Hacker-Mutant | -4/Upper Caves Hacker-Mutant | -4/Warlord Scavenger-Mutant | -3/Proximity Caves Hacker-Mutant | -3/Research Scavenger-Gunner | -2/Research Scavenger-Gunner | -1/Access Resources | -11 -10 -9 -9 -8 -8 -7 -7 -7 -6 -6 -6 -5 -4 -4 -4 -4 -3 -3 -2 -1 ----------- Run | Yrd Mat Mat Min Mat Sto Fac Was Fac Fac Low Low Fac Fac Upp Upp War Pro Res Res Acc Matter Collected 9583 | 456 334 896 222 1066 533 . . 616 . 569 . 473 445 75 10 200 33 143 1189 2323 Remotely . | . . . . . . . . . . . . . . . . . . . . . Salvage Created 14799 | 241 622 1055 161 1513 905 . . 661 . 366 . 671 715 104 . . 109 424 1728 5524 Parts 815 | 29 44 86 17 77 39 . . 24 . 1 . 44 61 8 . . 11 16 100 258 Haulers Intercepted 6 | . . 1 . 4 1 . . . . . . . . . . . . . . . Recyclers Shooed 13 | . 2 2 1 1 . . . 1 . . . . 5 . . . . . . 1 Parts Field Recycled . | . . . . . . . . . . . . . . . . . . . . . Retrieved Matter . | . . . . . . . . . . . . . . . . . . . . . Parts Self-Destructed 22 | . . . . . . . . . . 3 . . . 8 . . 11 . . . Prevented . | . . . . . . . . . . . . . . . . . . . . . Kills | -11 -10 -9 -9 -8 -8 -7 -7 -7 -6 -6 -6 -5 -4 -4 -4 -4 -3 -3 -2 -1 ------- Run | Yrd Mat Mat Min Mat Sto Fac Was Fac Fac Low Low Fac Fac Upp Upp War Pro Res Res Acc Combat Hostiles Destroyed 207 | . 10 23 7 21 14 . . 9 . 3 . 12 11 2 . . 2 6 20 67 Melee 10 | . . . . . 1 . . . . . . . . . . . 1 4 4 . Guns 170 | . 10 23 3 21 13 . . 9 . 1 . 11 10 . . . 1 2 16 50 Cannons 17 | . . . . . . . . . . . . . . 2 . . . . . 15 AOE 7 | . . . 4 . . . . . . 2 . 1 . . . . . . . . Classes Destroyed 19 | 3 3 4 . 3 . . . 1 . . . . . . . . . 2 3 . Worker 24 | 2 1 5 1 2 3 . . 2 . . . 1 1 . . . . 1 . 5 Builder 6 | . . . . 1 . . . 1 . . . . 3 . . . . . . 1 Tunneler 8 | 7 . 1 . . . . . . . . . . . . . . . . . . Hauler 6 | . . 1 . 4 1 . . . . . . . . . . . . . . . Recycler 13 | 1 3 1 . 1 1 . . 4 . . . . . . . . . . . 2 Mechanic 2 | . . . . 2 . . . . . . . . . . . . . . . . Operator 2 | . . 1 . 1 . . . . . . . . . . . . . . . . Drone 2 | . . . . . . . . . . . . . . . . . . 2 . . Watcher 9 | . 3 3 . 1 . . . . . . . 1 . . . . . . . 1 Swarmer 40 | . 3 12 4 . . . . 2 . . . 4 3 . . . . . . 12 Grunt 86 | . 7 5 3 17 10 . . 3 . 2 . 4 1 . . . . 2 4 28 Brawler 5 | . . . . 1 . . . 1 . 1 . . . . . . . . . 2 Duelist 3 | . . 1 . . . . . . . . . . . . . . . . . 2 Sentry 17 | . . 5 . 3 4 . . 1 . . . 2 1 . . . . . . 1 Demolisher 1 | . . . . . . . . . . . . . . . . . . . 1 . Hunter 9 | . . . . . . . . . . . . . . . . . . 2 4 3 Programmer 38 | . . . . . . . . 2 . . . 2 6 2 . . 2 2 3 19 Striker 1 | . . . . . . . . . . . . . . . . . . . 1 . Executioner 7 | . . . . . . . . . . . . . . . . . . . 7 . Packrat 1 | . . . . . . . . . . 1 . . . . . . . . . . Surgeon 1 | . . . . . . . . . . . . . . . . . . . 1 . Best Kill Streak 9 | 2 4 7 5 8 5 . . 4 . 3 . 4 6 2 . . 2 2 6 9 Combat Bots Only 8 | . 3 6 5 7 5 . . 3 . 3 . 4 4 2 . . 2 2 6 8 Max Kills in Single Turn 4 | 1 1 1 4 1 1 . . 1 . 2 . 1 2 1 . . 1 1 2 2 Gunslinging 1 | . . . . . . . . . . . . . . . . . . . 1 1 Exploded 4 | . . . 4 . . . . . . 2 . 1 . . . . . . . . Melee 1 | . . . . . 1 . . . . . . . . . . . 1 1 1 . Uniques/NPCs Destroyed . | . . . . . . . . . . . . . . . . . . . . . Combat | -11 -10 -9 -9 -8 -8 -7 -7 -7 -6 -6 -6 -5 -4 -4 -4 -4 -3 -3 -2 -1 -------- Run | Yrd Mat Mat Min Mat Sto Fac Was Fac Fac Low Low Fac Fac Upp Upp War Pro Res Res Acc Hostile Shots Fired 2414 | . 47 114 23 132 114 . 7 248 118 10 6 86 203 34 6 . 10 237 349 670 Missed 612 | . 16 32 4 33 19 . 2 97 60 3 3 18 57 10 5 . 3 43 79 128 Damage Taken 37495 | . 333 915 227 1550 1510 . 285 1836 838 144 57 1400 3108 517 20 . 168 3520 8328 12739 Core 6413 | . 72 121 46 175 287 . 58 641 773 . . 132 608 366 20 . 25 207 1271 1611 Absorbed by Shields 217 | . . . . . . . . . . . . . . . . . . 217 . . Reduced by Siege Mode 2422 | . . . . . . . . . . . . . . . . . . 316 658 1448 Redirected to Shielding 15 | . . . . . . . . . . . . . . . . . 15 . . . Ignored by Resistances 487 | . . . . . . . . . . . . 10 . . . . . . . 477 Regen/Repaired (Parts) 1255 | . . . . 211 242 . . . . . . . . . . . . . . 802 Core Remaining (%) 44 | 100 71 . 58 . 16 . . . . . 9 86 . . . . 11 84 12 . Volleys Fired 776 | 29 45 93 11 104 77 . 6 62 . 20 . 43 64 5 . . 11 19 54 133 Largest 4 | 2 2 2 2 2 2 . 2 2 . 2 . 2 2 1 . . 2 2 3 4 Hottest 331 | 40 40 46 56 46 83 . 59 58 . 64 . 88 88 105 . . 156 156 143 331 Shots Fired 1611 | 58 89 165 22 204 129 . 12 86 . 24 . 85 102 4 . . 22 30 155 424 Gun 1541 | 58 89 165 20 204 129 . 6 86 . 21 . 82 102 . . . 22 29 155 373 Cannon 55 | . . . . . . . . . . . . . . 4 . . . . . 51 Launcher 15 | . . . 2 . . . 6 . . 3 . 3 . . . . . 1 . . Special . | . . . . . . . . . . . . . . . . . . . . . Kinetic 1323 | 58 89 165 20 204 123 . 6 55 . 21 . 67 68 . . . . . 150 297 Thermal 235 | . . . . . 6 . . 31 . . . . 16 4 . . 22 29 . 127 Explosive 15 | . . . 2 . . . 6 . . 3 . 3 . . . . . 1 . . Electromagnetic 38 | . . . . . . . . . . . . 15 18 . . . . . 5 . Robot Hit Streak 81 | 11 9 18 9 14 17 . 3 12 . 6 . 16 19 2 . . 2 8 21 81 Robot Miss Streak 11 | 2 4 4 2 3 2 . 1 5 . 2 . 2 2 3 . . 11 4 3 3 Penetration Max 2 | . . . . . . . . . . . . 1 1 . . . . . 2 1 Secondary Targets 36 | . 1 2 . 3 . . . 2 . . . . 1 . . . . . 11 16 Max Gunslinging Chain 2 | . 1 1 . 1 . . . 1 . . . . 1 . . . . . 2 2 Shots Hit Robots 1262 | 36 55 114 14 159 121 . 7 77 . 17 . 70 82 2 . . 8 31 123 346 Core Hits 609 | 14 29 46 11 67 45 . 4 69 . 14 . 31 28 2 . . 2 17 56 174 Critical Kills 20 | 1 . . . 1 . . . . . . . 1 2 . . . . . 2 13 Critical Parts Destroyed 26 | 1 2 . . 2 . . . . . . . 2 3 . . . . . 3 13 Critical Strikes 72 | 2 2 . . 3 3 . . . . . . 3 6 . . . 1 5 6 41 Burn 16 | . . . . . . . . . . . . . . . . . . 4 . 12 Destroy 46 | 2 2 . . 3 . . . . . . . 3 5 . . . . . 5 26 Sever 4 | . . . . . 3 . . . . . . . 1 . . . . . . . Impale 3 | . . . . . . . . . . . . . . . . . . . . 3 Sunder 3 | . . . . . . . . . . . . . . . . . 1 1 1 . Melee Attacks 157 | . . 3 2 26 23 3 . . . . . . 42 . . . 5 16 6 31 Impact 36 | . . . . . . . . . . . . . 36 . . . . . . . Slashing 63 | . . 3 2 26 23 3 . . . . . . 6 . . . . . . . Piercing 31 | . . . . . . . . . . . . . . . . . . . . 31 Entropic 27 | . . . . . . . . . . . . . . . . . 5 16 6 . Sneak Attacks 15 | . . . . 5 6 . . . . . . . . . . . . 2 . 2 Combat Hostiles . | . . . . . . . . . . . . . . . . . . . . . Follow-up Attacks . | . . . . . . . . . . . . . . . . . . . . . Damage Inflicted 30746 | 381 689 1675 603 2596 1796 . 651 1400 . 632 . 1562 2175 90 . . 482 1618 3378 11018 Guns 23380 | 381 689 1675 164 2291 1266 . 41 1324 . 318 . 1360 1805 . . . 80 541 3053 8392 Cannons 2158 | . . . . . . . . . . . . . . 90 . . . . . 2068 Explosions 1802 | . . . 439 . . . 610 70 . 314 . 202 . . . . . 113 . 54 Melee 3357 | . . . . 305 530 . . . . . . . 367 . . . 402 964 325 464 Ramming 49 | . . . . . . . . 6 . . . . 3 . . . . . . 40 Kinetic 19961 | 381 689 1675 164 2291 1162 . 41 1093 . 318 . 1210 1383 . . . . . 2981 6573 Thermal 5288 | . . . . . 104 . . 231 . . . . 355 90 . . 80 541 . 3887 Explosive 1732 | . . . 439 . . . 610 . . 314 . 202 . . . . . 113 . 54 Electromagnetic 359 | . . . . . . . . 70 . . . 150 67 . . . . . 72 . Impact 198 | . . . . . . . . . . . . . 198 . . . . . . . Slashing 1004 | . . . . 305 530 . . . . . . . 169 . . . . . . . Piercing 464 | . . . . . . . . . . . . . . . . . . . . 464 Entropic 1691 | . . . . . . . . . . . . . . . . . 402 964 325 . Highest Corruption 66 | . 2 . . . . . 19 48 . 6 6 4 20 26 26 26 2 14 9 66 Average Corruption 11 | . 1 . . . . . 12 38 . 5 6 3 5 23 26 26 1 12 2 17 Corruption Purged . | . . . . . . . . . . . . . . . . . . . . . Corruption Blocked 25 | . . . . . . . . . . . . . . . . 13 . . 12 . Effects 366 | . 15 . . . . . 7 57 . 13 1 18 28 16 12 . 8 13 46 132 Message Errors 90 | . 2 . . . . . 1 14 . 3 1 4 6 2 3 . . 1 17 36 Matter Fused 72 | . 5 . . . . . 4 10 . 3 . 7 4 4 1 . 3 5 7 19 Heat Flow Errors 32 | . 3 . . . . . . 7 . 1 . 4 3 . . . 1 1 . 12 Energy Discharges 42 | . 1 . . . . . . 4 . 1 . 1 3 4 2 . 1 3 8 14 Parts Rejected 7 | . . . . . . . . . . . . . 2 1 . . . . 1 3 Parts Fused 3 | . . . . . . . . . . . . . . . 1 . . . . 2 Data Loss (minor) 29 | . 2 . . . . . . 2 . 2 . . 3 3 1 . 2 1 4 9 Data Loss (major) 15 | . . . . . . . . 2 . . . . . . 3 . . . 3 7 Misfires 12 | . . . . . . . . 1 . 2 . . 1 . . . . . 4 4 Alerts 11 | . 1 . . . . . 1 . . . . 1 2 1 1 . 1 2 1 . Misdirections 20 | . . . . . . . 1 10 . . . . 2 . . . . . . 7 Weapon Failures 33 | . 1 . . . . . . 7 . 1 . 1 2 1 . . . . 1 19 Overload Shots . | . . . . . . . . . . . . . . . . . . . . . Overflow Damage 680 | . . . 19 34 47 . . . . . . 7 27 . . . 107 214 91 134 Projectiles 74 | . . . . . . . . . . . . . . . . . . . . 74 Explosions 39 | . . . 19 . . . . . . . . 7 . . . . . . . 13 Melee 567 | . . . . 34 47 . . . . . . . 27 . . . 107 214 91 47 Knockbacks 2 | . . . . . . . . . . . . . 1 . . . . . . 1 Impact 2 | . . . . . . . . . . . . . 1 . . . . . . 1 Kinetic . | . . . . . . . . . . . . . . . . . . . . . Secondary . | . . . . . . . . . . . . . . . . . . . . . Self-Inflicted Damage 377 | . . . 34 . . . 48 46 . . . 77 1 . . . . 29 . 142 Shots 9 | . . . 2 . . . 2 1 . . . 2 . . . . . 1 . 1 Rammed 10 | . . . . . . . . 3 . . . . 2 . . . . . . 5 Targets Rammed 11 | . . . . . . . . 3 . . . . 2 . . . . . . 6 Kicked . | . . . . . . . . . . . . . . . . . . . . . Crushed 1 | . . . . . . . . . . . . . . . . . . . . 1 Highest Temperature 480 | . 278 28 49 131 33 . 8 242 . 262 . 228 215 54 . . 153 480 . 323 Average Temperature 76 | . 91 9 20 30 8 . 3 99 . 94 . 67 80 25 . . 49 268 . 90 Received Heat Transfer 4377 | . 189 222 60 1017 882 . . 420 . 45 27 246 108 18 . . . 144 108 891 Effects 15 | . . . . . . . . . . . . . . . . . . 13 . 2 Shutdowns 8 | . . . . . . . . . . . . . . . . . . 7 . 1 Interference 7 | . . . . . . . . . . . . . . . . . . 6 . 1 Siege Activations 24 | . . . . . . . . . . . . . . . . . . 1 8 15 Total Turns 777 | . . . . . . . . . . . . . . . . . . 69 149 559 Longest Duration 127 | . . . . . . . . . . . . . . . . . . 69 39 127 Robots Corrupted . | . . . . . . . . . . . . . . . . . . . . . Combat Hostiles . | . . . . . . . . . . . . . . . . . . . . . Parts Fried 1 | . . . . . . . . . . . . . . . . . . . 1 . Impact Corruptions 2 | . . . . . . . . . . . . . 2 . . . . . . . Robots Melted 3 | . . . . . . . . . . . . . 1 . . . . . . 2 Combat Hostiles 3 | . . . . . . . . . . . . . 1 . . . . . . 2 Parts Melted 26 | . . . . 1 . . . . . . . . . . . . 1 4 . 20 Heat Transferred 7777 | . . . . . 222 . . 925 . . . . 481 74 . . 124 1214 . 4737 Parts Sabotaged . | . . . . . . . . . . . . . . . . . . . . . Parts Stolen . | . . . . . . . . . . . . . . . . . . . . . Parts Stripped . | . . . . . . . . . . . . . . . . . . . . . Power Chain Reactions . | . . . . . . . . . . . . . . . . . . . . . Missiles Intercepted . | . . . . . . . . . . . . . . . . . . . . . Alert | -11 -10 -9 -9 -8 -8 -7 -7 -7 -6 -6 -6 -5 -4 -4 -4 -4 -3 -3 -2 -1 ------- Run | Yrd Mat Mat Min Mat Sto Fac Was Fac Fac Low Low Fac Fac Upp Upp War Pro Res Res Acc Peak Influence 1212 | 50 318 497 370 436 332 130 26 220 215 . . 196 156 . . . . 1012 498 1212 Initial 900 | . 32 61 159 66 139 115 . . 25 . . 4 39 . . . . 900 405 132 Average 265 | 21 165 333 281 248 224 109 2 86 80 . . 54 47 . . . . 889 275 491 Maximum Alert Level 4 | . 1 2 1 2 1 . . 1 1 . . . . . . . . 3 2 4 Low Security (%) 47 | 100 71 11 31 23 29 100 100 84 88 . . 100 100 . . . . . 25 25 Level 1 32 | . 28 42 68 71 70 . . 15 11 . . . . . . . . . 55 27 Level 2 10 | . . 45 . 5 . . . . . . . . . . . . . . 18 16 Level 3 7 | . . . . . . . . . . . . . . . . . . 100 . 23 Level 4 1 | . . . . . . . . . . . . . . . . . . . . 7 Level 5 . | . . . . . . . . . . . . . . . . . . . . . High Security . | . . . . . . . . . . . . . . . . . . . . . Max Security . | . . . . . . . . . . . . . . . . . . . . . Squads Dispatched 46 | . 2 3 1 1 3 . . 1 1 . . 3 8 . . . . 5 . 18 Investigation 10 | . 2 2 1 . 1 . . . . . . 1 1 . . . . . . 2 Extermination 14 | . . . . . . . . 1 . . . 2 4 . . . . . . 7 Reinforcement 11 | . . 1 . 1 2 . . . 1 . . . 3 . . . . 2 . 1 Assault 4 | . . . . . . . . . . . . . . . . . . . . 4 Garrison 7 | . . . . . . . . . . . . . . . . . . 3 . 4 Intercept . | . . . . . . . . . . . . . . . . . . . . . Searches Triggered 1 | . . . . . . . . . . . . . . . . . . 1 . . Construction Impeded . | . . . . . . . . . . . . . . . . . . . . . Haulers Reinforced 1 | . . . . . . . . . . . . . . . . . . . . 1 Active Scanning Responses . | . . . . . . . . . . . . . . . . . . . . . Cargo Convoy Interrupts . | . . . . . . . . . . . . . . . . . . . . . Stealth | -11 -10 -9 -9 -8 -8 -7 -7 -7 -6 -6 -6 -5 -4 -4 -4 -4 -3 -3 -2 -1 --------- Run | Yrd Mat Mat Min Mat Sto Fac Was Fac Fac Low Low Fac Fac Upp Upp War Pro Res Res Acc Distress Signals 22 | . . 2 1 3 2 . . . 2 . . . 1 . . 1 . . 5 5 Communications Jammed . | . . . . . . . . . . . . . . . . . . . . . Distress Signals . | . . . . . . . . . . . . . . . . . . . . . Times Spotted 416 | . 18 37 11 36 20 . 6 22 19 3 4 19 28 3 2 21 9 10 34 114 Peak Tracking Total 13 | . 4 5 7 6 8 . 6 6 11 3 4 5 12 2 2 11 4 4 6 13 Tactical Retreats 31 | . 2 3 1 2 . . . 2 3 . . 4 1 1 . . . 1 3 8 Traps | -11 -10 -9 -9 -8 -8 -7 -7 -7 -6 -6 -6 -5 -4 -4 -4 -4 -3 -3 -2 -1 ------- Run | Yrd Mat Mat Min Mat Sto Fac Was Fac Fac Low Low Fac Fac Upp Upp War Pro Res Res Acc Traps Triggered 10 | . 3 1 . . 1 1 . 3 1 . . . . . . . . . . . Indirectly . | . . . . . . . . . . . . . . . . . . . . . Trap Hack Attempts . | . . . . . . . . . . . . . . . . . . . . . Triggered . | . . . . . . . . . . . . . . . . . . . . . Disarmed . | . . . . . . . . . . . . . . . . . . . . . Reprogrammed . | . . . . . . . . . . . . . . . . . . . . . Reused 3 | . . . . . . . . . . . . . . . . . . 2 . 1 Traps Extracted . | . . . . . . . . . . . . . . . . . . . . . Installed 7 | . . . . . . . . . . . . . . . . . . 3 . 4 Triggered 16 | . . . . . . . . . . . . . . . . 13 . 2 . 1 Most Traps Carried 3 | . . . . . . . . . . . . . . . . . . . . 3 Machines | -11 -10 -9 -9 -8 -8 -7 -7 -7 -6 -6 -6 -5 -4 -4 -4 -4 -3 -3 -2 -1 ---------- Run | Yrd Mat Mat Min Mat Sto Fac Was Fac Fac Low Low Fac Fac Upp Upp War Pro Res Res Acc Machines Disabled 13 | . . . . . 2 . . 4 . . . . 3 . . . . . 1 3 Max in Single Turn 2 | . . . . . 1 . . 2 . . . . 1 . . . . . 1 1 Garrison Access 5 | . . . . . . . . 1 1 . . 1 . . . . . . 1 1 Machines Repaired . | . . . . . . . . . . . . . . . . . . . . . Machines Dismantled . | . . . . . . . . . . . . . . . . . . . . . Machines Sabotaged . | . . . . . . . . . . . . . . . . . . . . . Overloaded Fab Kills . | . . . . . . . . . . . . . . . . . . . . . Hacking | -11 -10 -9 -9 -8 -8 -7 -7 -7 -6 -6 -6 -5 -4 -4 -4 -4 -3 -3 -2 -1 --------- Run | Yrd Mat Mat Min Mat Sto Fac Was Fac Fac Low Low Fac Fac Upp Upp War Pro Res Res Acc Machines Accessed 55 | . 6 5 1 4 3 2 . 7 2 . . 3 7 . . 3 . . 1 11 Terminals 32 | . 4 4 . 2 2 1 . 4 . . . 2 6 . . . . . . 7 Fabricators 5 | . . . . . . . . 2 . . . . 1 . . . . . 1 1 Repair Stations 5 | . . . . 1 1 . . . . . . . . . . . . . . 3 Recycling Units 3 | . 2 . . . . . . . 1 . . . . . . . . . . . Scanalyzers 1 | . . 1 . . . . . . . . . . . . . . . . . . Garrison Access 5 | . . . . 1 . 1 . 1 1 . . 1 . . . . . . . . Total Hacks 116 | . 13 16 1 11 11 3 . 15 4 . . 7 10 . . 4 . . 2 19 Successful 54 | . 7 9 1 3 7 1 . 8 1 . . 3 2 . . 4 . . 1 7 Failed 62 | . 6 7 . 8 4 2 . 7 3 . . 4 8 . . . . . 1 12 Catastrophic 18 | . 2 . . 1 . 1 . 4 2 . . 1 3 . . . . . . 4 Database Lockouts . | . . . . . . . . . . . . . . . . . . . . . Manual 35 | . 6 8 . . . . . 7 . . . 4 3 . . . . . . 7 Terminals 82 | . 11 13 . 7 9 2 . 12 . . . 6 9 . . . . . . 13 Fabricators 6 | . . . . . . . . 2 . . . . 1 . . . . . 2 1 Repair Stations 9 | . . . . 2 2 . . . . . . . . . . . . . . 5 Recycling Units 3 | . 2 . . . . . . . 1 . . . . . . . . . . . Scanalyzers 3 | . . 3 . . . . . . . . . . . . . . . . . . Garrison Access 8 | . . . . 2 . 1 . 1 3 . . 1 . . . . . . . . Terminal Hacks 28 | . 4 4 1 1 5 1 . 4 . . . 1 1 . . 4 . . . 2 Record 2 | . . . . . . . . . . . . . . . . 2 . . . . Prototype ID Bank 5 | . 2 2 . . . . . 1 . . . . . . . . . . . . Open Door 3 | . . . 1 . . . . . . . . . . . . 2 . . . . Level Access Points 2 | . 1 . . . . . . 1 . . . . . . . . . . . . Branch Access Points 1 | . . . . . 1 . . . . . . . . . . . . . . . Terminal Index 4 | . . . . . 1 1 . . . . . . 1 . . . . . . 1 Locate Traps 5 | . . 1 . 1 1 . . 1 . . . . . . . . . . . 1 Hauler Manifests 2 | . 1 1 . . . . . . . . . . . . . . . . . . Registered Components 2 | . . . . . 1 . . 1 . . . . . . . . . . . . Registered Prototypes 1 | . . . . . 1 . . . . . . . . . . . . . . . Zone Layout 1 | . . . . . . . . . . . . 1 . . . . . . . . Fabricator Hacks 4 | . . . . . . . . 2 . . . . 1 . . . . . 1 . Network Status 3 | . . . . . . . . 2 . . . . . . . . . . 1 . Build 1 | . . . . . . . . . . . . . 1 . . . . . . . Repair Station Hacks 7 | . . . . 2 2 . . . . . . . . . . . . . . 3 Scan Component 4 | . . . . 1 1 . . . . . . . . . . . . . . 2 Repair 3 | . . . . 1 1 . . . . . . . . . . . . . . 1 Recycling Unit Hacks . | . . . . . . . . . . . . . . . . . . . . . Scanalyzer 3 | . . 3 . . . . . . . . . . . . . . . . . . Insert Component 1 | . . 1 . . . . . . . . . . . . . . . . . . Analyze 2 | . . 2 . . . . . . . . . . . . . . . . . . Garrison Access Hacks 3 | . . . . . . . . 1 1 . . 1 . . . . . . . . Seal Access 3 | . . . . . . . . 1 1 . . 1 . . . . . . . . Unauthorized Hacks 9 | . 3 2 . . . . . 1 . . . 1 . . . . . . . 2 Terminals 7 | . 1 2 . . . . . 1 . . . 1 . . . . . . . 2 Botnet 7 | . 1 2 . . . . . 1 . . . 1 . . . . . . . 2 Fabricators . | . . . . . . . . . . . . . . . . . . . . . Repair Stations . | . . . . . . . . . . . . . . . . . . . . . Recycling Units 2 | . 2 . . . . . . . . . . . . . . . . . . . Tunnel 2 | . 2 . . . . . . . . . . . . . . . . . . . Scanalyzers . | . . . . . . . . . . . . . . . . . . . . . Garrison Access . | . . . . . . . . . . . . . . . . . . . . . Data Cores Recovered . | . . . . . . . . . . . . . . . . . . . . . Used . | . . . . . . . . . . . . . . . . . . . . . Hacking Detections 41 | . 3 5 . 4 2 2 . 4 2 . . 2 6 . . . . . 1 10 Full Trace Events 7 | . . 2 . 1 1 . . . . . . 1 1 . . . . . . 1 Feedback Events 1 | . . . . . . . . . . . . . . . . . . . . 1 Corruption 1 | . . . . . . . . . . . . . . . . . . . . 1 Feedback Blocked . | . . . . . . . . . . . . . . . . . . . . . Robot Schematics Acquired . | . . . . . . . . . . . . . . . . . . . . . Robots Built . | . . . . . . . . . . . . . . . . . . . . . Authchips . | . . . . . . . . . . . . . . . . . . . . . Time . | . . . . . . . . . . . . . . . . . . . . . Total Robot Build Rating . | . . . . . . . . . . . . . . . . . . . . . Part Schematics Acquired . | . . . . . . . . . . . . . . . . . . . . . Parts Built 1 | . . . . . . . . . . . . . 1 . . . . . . . Authchips . | . . . . . . . . . . . . . . . . . . . . . Time 139 | . . . . . . . . . . . . . 139 . . . . . . . Total Part Build Rating 9 | . . . . . . . . . . . . . 9 . . . . . . . Parts Repaired 3 | . . . . 1 1 . . . . . . . . . . . . . . 1 Time 110 | . . . . 44 44 . . . . . . . . . . . . . . 22 Parts Recycled . | . . . . . . . . . . . . . . . . . . . . . Recycled Matter . | . . . . . . . . . . . . . . . . . . . . . Retrieved Matter . | . . . . . . . . . . . . . . . . . . . . . Retrieved Components . | . . . . . . . . . . . . . . . . . . . . . Parts Scanalyzed 1 | . . 1 . . . . . . . . . . . . . . . . . . Part Schematics Acquired . | . . . . . . . . . . . . . . . . . . . . . Parts Damaged . | . . . . . . . . . . . . . . . . . . . . . Bothacking | -11 -10 -9 -9 -8 -8 -7 -7 -7 -6 -6 -6 -5 -4 -4 -4 -4 -3 -3 -2 -1 ------------ Run | Yrd Mat Mat Min Mat Sto Fac Was Fac Fac Low Low Fac Fac Upp Upp War Pro Res Res Acc Used RIF Installer . | . . . . . . . . . . . . . . . . . . . . . Robots Hacked . | . . . . . . . . . . . . . . . . . . . . . Non-combat . | . . . . . . . . . . . . . . . . . . . . . Combat . | . . . . . . . . . . . . . . . . . . . . . Robot Hacks Applied . | . . . . . . . . . . . . . . . . . . . . . Relay Couplers Released 8 | . . . . . . . . . . . . . . . . . . . 1 7 Machine Destruction 4 | . . . . . . . . . . . . . . . . . . . 1 3 Programmers 4 | . . . . . . . . . . . . . . . . . . . . 4 Fabnet Peak Effective % . | . . . . . . . . . . . . . . . . . . . . . Robots Rewired . | . . . . . . . . . . . . . . . . . . . . . Allies Hacked . | . . . . . . . . . . . . . . . . . . . . . Hacks Repelled . | . . . . . . . . . . . . . . . . . . . . . Allies | -11 -10 -9 -9 -8 -8 -7 -7 -7 -6 -6 -6 -5 -4 -4 -4 -4 -3 -3 -2 -1 -------- Run | Yrd Mat Mat Min Mat Sto Fac Was Fac Fac Low Low Fac Fac Upp Upp War Pro Res Res Acc Total Allies 4 | . . . . . . . 1 . . . . . . . . . . . . 3 Largest Group 3 | . . . . . . . 1 . . . . . . . . . . . . 3 Highest-Rated Group 138 | . . . . . . . 31 . . . . . . . . . . . . 138 Highest-Rated Ally 46 | . . . . . . . 31 . . . . . . . . . . . . 46 Total Orders 18 | . . . . . . . . . . . . . . . . . . 2 . 16 STAY 1 | . . . . . . . . . . . . . . . . . . . . 1 ROAM 2 | . . . . . . . . . . . . . . . . . . . . 2 FOLLOW 10 | . . . . . . . . . . . . . . . . . . . . 10 EXPLORE 1 | . . . . . . . . . . . . . . . . . . 1 . . RETURN 4 | . . . . . . . . . . . . . . . . . . 1 . 3 Ally Attacks 33 | . . . . . . . 11 . . . . . . . . . . . . 22 Total Damage 815 | . . . . . . . 168 . . . . . . . . . . . . 647 Kills 4 | . . . . . . . . . . . . . . . . . . . . 4 Allies Corrupted 1 | . . . . . . . . . . . . . . . . . . . . 1 Allies Melted 1 | . . . . . . . . . . . . . . . . . . . 1 . Intel | -11 -10 -9 -9 -8 -8 -7 -7 -7 -6 -6 -6 -5 -4 -4 -4 -4 -3 -3 -2 -1 ------- Run | Yrd Mat Mat Min Mat Sto Fac Was Fac Fac Low Low Fac Fac Upp Upp War Pro Res Res Acc Robot Analysis Total . | . . . . . . . . . . . . . . . . . . . . . Derelict Logs Recovered 6 | . . . 1 . . . . . . 1 . . . 2 2 . . . . . Drone Launches 31 | . . . . . . . . . . . . . . . . . . 12 . 19 Drone Recoveries 27 | . . . . . . . . . . . . . . . . . . 10 . 17 Exploration | -11 -10 -9 -9 -8 -8 -7 -7 -7 -6 -6 -6 -5 -4 -4 -4 -4 -3 -3 -2 -1 ------------- Run | Yrd Mat Mat Min Mat Sto Fac Was Fac Fac Low Low Fac Fac Upp Upp War Pro Res Res Acc Turns Passed 18941 | 252 913 1449 581 1159 1125 427 162 840 226 1036 48 1028 1765 286 232 1153 583 485 2147 3044 Spaces Moved 10886 | 99 433 671 413 537 375 210 88 927 479 685 30 512 897 409 462 801 313 183 1218 1144 Core 1960 | 2 . . 1 . . . . 316 311 136 . . 18 409 462 218 . . . 87 Treads 6439 | 97 433 671 57 21 9 210 25 39 . 530 30 512 768 . . 272 313 183 1218 1051 Legs . | . . . . . . . . . . . . . . . . . . . . . Wheels 1536 | . . . 355 516 366 . 63 119 . . . . 111 . . . . . . 6 Hover 330 | . . . . . . . . . . 19 . . . . . 311 . . . . Flight 621 | . . . . . . . . 453 168 . . . . . . . . . . . Fastest Speed 32 | 50 160 160 115 115 145 160 100 32 40 50 165 163 50 50 50 50 170 145 145 50 Average Speed 131 | 157 160 160 122 124 176 190 147 61 46 139 165 164 147 64 50 131 170 152 149 165 Slowest Speed 600 | 160 160 160 600 160 325 245 240 235 50 165 165 165 163 200 50 170 170 250 161 237 Overloaded Moves . | . . . . . . . . . . . . . . . . . . . . . Propulsion Burnouts . | . . . . . . . . . . . . . . . . . . . . . Robots Hopped 8 | . . . . . . . . 4 4 . . . . . . . . . . . Cave-ins Triggered . | . . . . . . . . . . . . . . . . . . . . . Exploration Rate (%) 41 | 5 66 61 84 31 47 7 82 24 19 71 10 11 24 64 57 94 57 4 26 30 Regions Visited 20 Branch Regions 8 Pre-discovered Areas 3 | . 2 . 1 . . . . . . . . . . . . . . . . . Known Exits Taken 11 | . 1 1 1 1 1 . . 1 . . . . . . 1 1 1 1 1 . Unknown Exits Taken 7 | 1 . . . . . . . . 1 1 1 1 1 1 . . . . . . Scrap Searched 16 | . . . . . . . . . . 9 . . . 3 . . 4 . . . Spaces Dug 68 | . . 3 2 21 7 3 . . . . . . 16 . . . . . . 16 Terrain Destroyed 263 | . . 3 25 21 7 3 56 . . 18 . 19 22 2 . . 1 4 26 56 Melee 68 | . . 3 2 21 7 3 . . . . . . 16 . . . . . . 16 Projectile 49 | . . . . . . . . . . . . 2 6 2 . . 1 . 26 12 AOE 143 | . . . 23 . . . 56 . . 18 . 17 . . . . . 4 . 25 Terrain Rammed . | . . . . . . . . . . . . . . . . . . . . . Walls Destroyed . | . . . . . . . . . . . . . . . . . . . . . Machines Disabled . | . . . . . . . . . . . . . . . . . . . . . Actions | -11 -10 -9 -9 -8 -8 -7 -7 -7 -6 -6 -6 -5 -4 -4 -4 -4 -3 -3 -2 -1 --------- Run | Yrd Mat Mat Min Mat Sto Fac Was Fac Fac Low Low Fac Fac Upp Upp War Pro Res Res Acc Total 13823 | 139 565 892 469 807 681 234 111 1098 477 736 29 609 1160 424 462 905 337 343 1414 1931 Wait 1283 | . 61 61 24 67 162 . 10 75 . 6 . 33 119 4 . 61 4 95 46 455 Move 10853 | 98 432 670 412 536 374 210 87 918 472 684 29 511 896 408 461 800 312 182 1217 1144 Hop 6 | . . . . . . . . 4 2 . . . . . . . . . . . Pick Up 179 | 5 15 10 4 20 11 6 1 4 . 6 . 6 5 1 1 7 1 5 28 43 Fast Attach 125 | 7 2 1 1 6 2 . . 13 2 14 . 6 10 5 . 15 1 7 18 15 Attach 125 | . . 9 . 8 9 4 3 9 . 4 . 6 6 . . 3 . 8 16 40 Detach 42 | . 1 . . 2 3 3 1 8 1 . . . 1 1 . 2 . 3 8 8 Swap 137 | . 2 27 8 25 15 5 . . . 1 . 4 6 . . 2 1 . 11 30 Drop 122 | . 7 18 7 13 5 3 3 2 . 1 . . 9 . . 15 2 5 10 22 Fire 776 | 29 45 93 11 104 77 . 6 62 . 20 . 43 64 5 . . 11 19 54 133 Melee 156 | . . 3 2 26 23 3 . . . . . . 41 . . . 5 16 6 31 Ram 9 | . . . . . . . . 3 . . . . 3 . . . . . . 3 Kick . | . . . . . . . . . . . . . . . . . . . . . Crush 3 | . . . . . . . . . . . . . . . . . . . . 3 Escape Stasis . | . . . . . . . . . . . . . . . . . . . . . Rewire . | . . . . . . . . . . . . . . . . . . . . . Trap 7 | . . . . . . . . . . . . . . . . . . 3 . 4 Miscellaneous . | . . . . . . . . . . . . . . . . . . . . . Route ------- -11/Scrapyard -10/Materials (discovered 3 exits: *Mat x3) -9/Materials (discovered 3 exits: *Mat / *Min x2) -9/Mines -8/Materials -8/Storage (discovered 2 exits: *Fac / Rec) -7/Factory -7/Waste -7/Factory (discovered 4 exits: *Fac x4) -6/Factory -6/Lower Caves -6/Lower Caves -5/Factory (discovered 2 exits: *Fac x2) -4/Factory -4/Upper Caves -4/Upper Caves (discovered 2 exits: *Res / *War) -4/Warlord -3/Proximity Caves -3/Research -2/Research -1/Access History --------- Turn | Location | Event 32 | -11/Scrapyard | Discovered new exit (range 15) 253 | -11/Scrapyard | Entered Materials 313 | -10/Materials | Build established: Mutant 590 | -10/Materials | Discovered new exit (range 15) 1040 | -10/Materials | Identified exit to Materials 1166 | -10/Materials | Entered another Materials area 1166 | -9/Materials | Evolved 2 slots: Utility x2 1631 | -9/Materials | Discovered new exit (range 9) 1793 | -9/Materials | Build established: Scavenger-Mutant 2226 | -9/Materials | Discovered new exit (range 3) 2227 | -9/Materials | Identified exit to Materials 2468 | -9/Materials | Discovered new exit (range 15) 2611 | -9/Materials | Identified exit to Mines 2615 | -9/Materials | Entered Mines 2684 | -9/Mines | Received a Rocket Launcher from a helpful Derelict 2723 | -9/Mines | Met a Derelict shopkeep closing up shop 2830 | -9/Mines | Assembled infested the area 2835 | -9/Mines | Assisted by a Guerilla fighting off Assembled 2852 | -9/Mines | Learned location of Zion (-6) 2873 | -9/Mines | Discovered exit to Materials (range 10) 3041 | -9/Mines | Build established: Mutant 3196 | -9/Mines | Entered Materials 3196 | -8/Materials | Evolved 2 slots: Utility x2 3379 | -8/Materials | Destroyed 7 combat bots 3687 | -8/Materials | Repaired Arm. Huge Wheel 3989 | -8/Materials | Build established: Scavenger-Assassin 4293 | -8/Materials | Discovered new exit (range 9) 4302 | -8/Materials | Identified exit to Storage 4355 | -8/Materials | Entered Storage 4633 | -8/Storage | Repaired Arm. Huge Wheel 4879 | -8/Storage | Core integrity fell below 50% 5019 | -8/Storage | Core integrity fell below 20% 5068 | -8/Storage | Lost 3 parts (1n1u1w) 5212 | -8/Storage | Identified exit to Recycling 5224 | -8/Storage | Build established: Scavenger-Mutant 5423 | -8/Storage | Discovered new exit (range 16) 5478 | -8/Storage | Identified exit to Factory 5480 | -8/Storage | Entered Factory 5480 | -7/Factory | Evolved 2 slots: Propulsion x2 5907 | -7/Factory | Sucked down chute 5907 | -7/Factory | Entered Waste 5908 | -7/Waste | Met a frightened Derelict 5922 | -7/Waste | EMP discharged 5953 | -7/Waste | Spotted C-40 Crusher 5963 | -7/Waste | Spotted C-40 Crusher 5968 | -7/Waste | Spotted C-40 Crusher 5970 | -7/Waste | Spotted C-40 Crusher 5995 | -7/Waste | Crushed by Compactor (1 part destroyed, 1 dropped) 5995 | -7/Waste | Crushed by Compactor (1 part destroyed, 1 dropped) 5998 | -7/Waste | Spotted C-40 Crusher 5999 | -7/Waste | Spotted C-40 Crusher 6009 | -7/Waste | Crushed by Compactor (0 parts destroyed, 1 dropped) 6022 | -7/Waste | EMP discharged 6022 | -7/Waste | System corruption reached 10% 6039 | -7/Waste | Discovered new exit (range 15) 6055 | -7/Waste | Crushed by Compactor (1 part destroyed) 6068 | -7/Waste | Identified exit to Factory 6069 | -7/Waste | Entered Factory 6216 | -7/Factory | System corruption reached 30% 6734 | -7/Factory | Core integrity fell below 50% 6762 | -7/Factory | Lost 11 parts (2p4n2u3w) 6871 | -7/Factory | Identified exit to Factory 6902 | -7/Factory | Core integrity fell below 20% 6909 | -7/Factory | Entered another Factory area 6909 | -6/Factory | Evolved 2 slots: Utility x2 6937 | -6/Factory | Spotted B-75 Beast 7003 | -6/Factory | Build established: Mutant 7112 | -6/Factory | Core integrity fell below 50% 7122 | -6/Factory | Discovered new exit (range 13) 7134 | -6/Factory | Core integrity fell below 20% 7135 | -6/Factory | Entered Lower Caves 7506 | -6/Lower Caves | Build established: Derelict-Mutant 7807 | -6/Lower Caves | Discovered new exit (range 10) 8171 | -6/Lower Caves | Entered another Lower Caves area 8204 | -6/Lower Caves | Discovered new exit (range 10) 8219 | -6/Lower Caves | Entered Factory 8219 | -5/Factory | Evolved 2 slots: Power x1, Utility x1 8405 | -5/Factory | Discovered new exit (range 8) 8628 | -5/Factory | Discovered new exit (range 16) 8972 | -5/Factory | Build established: Scavenger-Mutant 9095 | -5/Factory | Lost 3 parts (2n1w) 9247 | -5/Factory | Entered another Factory area 9247 | -4/Factory | Evolved 2 slots: Utility x1, Weapon x1 9710 | -4/Factory | Fabricated Enh. Nova Cannon? 9774 | -4/Factory | Found Prototype Processor 9774 | -4/Factory | Identified Exp. Signal Interpreter 10066 | -4/Factory | Build established: Scavenger-Assassin 10839 | -4/Factory | System corruption reached 10% 10907 | -4/Factory | Lost 14 parts (2p4n4u4w) 11008 | -4/Factory | Core integrity fell below 50% 11009 | -4/Factory | Discovered new exit (range 5) 11012 | -4/Factory | Entered Upper Caves 11034 | -4/Upper Caves | Lost 4 parts (3n1w) 11097 | -4/Upper Caves | Learned Research security intel 11118 | -4/Upper Caves | Learned Research security intel 11212 | -4/Upper Caves | Spotted B-86 Titan 11216 | -4/Upper Caves | Core integrity fell below 20% 11278 | -4/Upper Caves | Discovered new exit (range 7) 11298 | -4/Upper Caves | Entered another Upper Caves area 11309 | -4/Upper Caves | Learned Research trap positions 11334 | -4/Upper Caves | Discovered new exit (range 8) 11343 | -4/Upper Caves | Identified exit to Research 11465 | -4/Upper Caves | Learned Research stockpile data 11526 | -4/Upper Caves | Discovered new exit (range 8) 11530 | -4/Upper Caves | Identified exit to Warlord 11530 | -4/Upper Caves | Entered Warlord 11547 | -4/Warlord | Build established: Hacker-Mutant 11549 | -4/Warlord | System corruption cleaned by Quarantine Array 11669 | -4/Warlord | Found Prototype Device 11669 | -4/Warlord | Identified Minesniffer Drone Bay 11672 | -4/Warlord | Found Minesniffer Drone Bay 11831 | -4/Warlord | Warlord's base attacked by MAIN.C 11847 | -4/Warlord | Found Prototype Piercing Weapon 11847 | -4/Warlord | Identified Vortex Lance 11956 | -4/Warlord | Met Warlord 12181 | -4/Warlord | Warlord forces counterattacked 12216 | -4/Warlord | Spotted Executioner 12257 | -4/Warlord | Found Prototype Processor 12265 | -4/Warlord | Spotted Executioner 12268 | -4/Warlord | Lost 9 allies 12314 | -4/Warlord | Lost 3 allies 12463 | -4/Warlord | Build established: Scavenger-Mutant 12506 | -4/Warlord | Warlord base infiltrated, sounded retreat 12531 | -4/Warlord | Spotted Striker 12668 | -4/Warlord | Lost 4 allies 12672 | -4/Warlord | Discovered new exit (range 8) 12682 | -4/Warlord | Identified exit to Proximity Caves 12683 | -4/Warlord | Entered Proximity Caves 12685 | -3/Proximity Caves | Spotter reported a threat 12686 | -3/Proximity Caves | Spotter reported a threat 12840 | -3/Proximity Caves | Spotter reported a threat 12974 | -3/Proximity Caves | Spotter reported a threat 12996 | -3/Proximity Caves | Spotter reported a threat 13028 | -3/Proximity Caves | Spotter reported a threat 13049 | -3/Proximity Caves | Spotter reported a threat 13245 | -3/Proximity Caves | Spotter reported a threat 13261 | -3/Proximity Caves | Discovered exit to Research (range 4) 13266 | -3/Proximity Caves | Entered Research 13266 | -3/Research | Evolved 2 slots: Utility x2 13266 | -3/Research | Identified Exp. Core Analyzer 13267 | -3/Research | Loaded intel: 99 trap records 13419 | -3/Research | Garrison activated, responded to threat 13456 | -3/Research | System corruption reached 10% 13516 | -3/Research | Search patrols dispatched 13522 | -3/Research | Lost 8 parts (1p1n3u3w) 13664 | -3/Research | Discovered new exit (range 18) 13689 | -3/Research | Identified exit to Research 13729 | -3/Research | Build established: Hacker-Mutant 13751 | -3/Research | Entered another Research area 13751 | -2/Research | Warlord forces began assault on 0b10 13751 | -2/Research | Evolved 2 slots: Propulsion x2 13840 | -2/Research | Lost 4 allies 13861 | -2/Research | Research machine network offline 13947 | -2/Research | Met up with Warlord 14163 | -2/Research | Borebot progress halted 14261 | -2/Research | Spotted Executioner 14276 | -2/Research | Spotted Executioner 14279 | -2/Research | Destroyed Executioner 14285 | -2/Research | Destroyed Executioner 14320 | -2/Research | Borebot progress halted 14405 | -2/Research | Borebot progress halted 14542 | -2/Research | Found Prototype Processor 14542 | -2/Research | Identified Exp. Melee Analysis Suite 14579 | -2/Research | Discovered new exit (range 8) 14593 | -2/Research | Identified exit to Access 14804 | -2/Research | Build established: Scavenger-Mutant 14927 | -2/Research | Spotted Striker 14957 | -2/Research | Lost 4 allies 15070 | -2/Research | Spotted Executioner 15080 | -2/Research | Spotted Executioner 15086 | -2/Research | Destroyed Executioner 15096 | -2/Research | Destroyed Executioner 15143 | -2/Research | Spotted Executioner 15145 | -2/Research | Spotted Executioner 15160 | -2/Research | Spotted Executioner 15164 | -2/Research | Spotted Striker 15181 | -2/Research | Lost 4 allies 15185 | -2/Research | Core integrity fell below 50% 15205 | -2/Research | Destroyed Executioner 15237 | -2/Research | Lost 12 parts (2p3n4u3w) 15248 | -2/Research | Build established: Scavenger-Gunner 15259 | -2/Research | Spotted Striker 15324 | -2/Research | Lost 7 allies 15484 | -2/Research | Spotted Striker 15490 | -2/Research | Destroyed Striker 15732 | -2/Research | Spotted Executioner 15735 | -2/Research | Spotted Executioner 15817 | -2/Research | Core integrity fell below 20% 15838 | -2/Research | Destroyed Executioner 15838 | -2/Research | Destroyed Executioner 15846 | -2/Research | Lost 6 allies 15847 | -2/Research | Warlord destroyed during the assault 15873 | -2/Research | Found Prototype Processor 15873 | -2/Research | Identified Exp. Targeting Computer 15877 | -2/Research | Found Prototype Device 15877 | -2/Research | Identified Adv. Kinecellerator 15898 | -2/Research | Entered Access 15898 | -1/Access | Evolved 2 slots: Utility x1, Weapon x1 15920 | -1/Access | Garrison activated, responded to threat 17006 | -1/Access | System corruption reached 10% 17054 | -1/Access | Lost 5 parts (1p2n2w) 17056 | -1/Access | Destroyed 8 combat bots 17549 | -1/Access | Repaired Arm. Heavy Treads 17672 | -1/Access | Garrison activated, responded to threat 17958 | -1/Access | Destroyed 7 combat bots 17964 | -1/Access | Lost 10 parts (1p4n2u3w) 18148 | -1/Access | First assault squad dispatched 18381 | -1/Access | Lost 5 parts (1n2u2w) 18830 | -1/Access | System corruption reached 30% 18891 | -1/Access | Core integrity fell below 50% 18908 | -1/Access | Core integrity fell below 20% 18942 | -1/Access | Destroyed by S-43 Plague with Heavy Machine Gun Last Messages --------------- 18890_ B-74 Champion heat spikes uncontrollably. 18890_ Hacking Suite destroyed. 18891_ S-43 Plague destroyed. 18891_ B-74 Champion overheating. 18892_ B-74 Champion heat short circuits Med. Treads. 18893_ B-74 Champion overheating. 18894_ Slammed into G-73 Enforcer. 18896_ G-73 Enforcer knocked back. 18898_ ALERT: Significant disruption in Zone 4Q, assault force dispatched. 18898_ M-36 Artificer repairs S-43 Plague. 18900_ System Shield destroyed. 18916_ Penetrated by Slug. 18916_ Slug penetrates Wall. 18917_ QKJ,IMGH11NIDMOEL7Q>E=3EUCGLKZPV 18918_ Exp. Core Analyzer destroyed. 18924_ W-44 Eye sends out distress signal. 18931_ K-01 Serf destroyed. 18940_ Knocked back. 18942_ Acquired 10 matter. 18942_ Arm. Huge Wheel destroyed. Map ----- +----------------------------------------------------+ | ?????????????????????????????????????????????????? | | ?????????????????????????????????????????????????? | | ?????????????????????????????????????????????????? | | ?????????????????????????????????????????????????? | | ?????????????????????????????????????????????????? | | ?????????????????????????????????????????????????? | | ?????????????????????????????????????????????????? | | ?????????????????????????????????????????????????? | | ????????????????????? ! ???????????????????????? | | ??????????????????? #??????????????????????? | | ???? ???????????# #??????????????????????? | | ???? ???????????# #??????????????????????? | | ???? ???????????# #??????????????????????? | | ???# ???????????# #??????????????????????? | | ???# #??????????# #??????????????????????? | | ???# ############ #??????????????????????? | | ???# # ## #??????????????????????? | | ???# # ## #??????????????????????? | | ???# # ## #??????????????????????? | | ???# # = ## #??????????????????????? | | ???# # ?# #??????????????????????? | | ???# # = ????? ####+###???????????????? | | ???# # ????????? # #######?????????? | | #### ###+#############p##; ????????? | | s ss %H ????????? | | s% %@ ????????? | | ####+##################+%## ????????? | | #? ?????# #?? ####+#??????????? | | # ???# #???+####???????????????? | | # #??# #???????????????????????? | | # #??#"" #???????????????????????? | | # #???"" #???????????????????????? | | # " #???"" #???????????????????????? | | # """ #???S #???????????????????????? | | # """ #??#"" #???????????????????????? | | # " #??#"" **! #???????????????????????? | | ##########???"" **! #???????????????????????? | | #???????????? **! #???????????????????????? | | #???????????? #???????????????????????? | | #?????????????############???????????????????????? | | #????????????????????????????????????????????????? | | ?????????????????????????????????????????????????? | | ?????????????????????????????????????????????????? | | ?????????????????????????????????????????????????? | | ?????????????????????????????????????????????????? | | ?????????????????????????????????????????????????? | | ?????????????????????????????????????????????????? | | ?????????????????????????????????????????????????? | | ?????????????????????????????????????????????????? | | ?????????????????????????????????????????????????? | +----------------------------------------------------+ Best States ------------- Heat Dissipation 113 Energy Generation 49 Energy Capacity 615 Matter Stores 300 Matter Capacity 300 Sight Range 23 Robot Scan Range 16 Terrain Scan Range 16 Terrain Scan Density 210 Jamming Range 12 Cloak Strength 3 Armor Coverage 1200 Resistance: EM 25 Power Shielding 66 Weapon Shielding 66 Phase Shifting 5 Evasion (%) 63 Targeting Accuracy 28 Target Analysis 12 Core Analysis 8 Armor Integrity Analysis 40 Recoil Reduction 6 Kinecelleration 50 Salvage Targeting 3 Offensive Hacking 26 Defensive Hacking 10 Item Schematics ----------------- None Robot Schematics ------------------ None Fabricated ------------ Enh. Nova Cannon | x1 | -4/Factory | Preloaded Alien Tech Used ----------------- None Achievements -------------- Release The Drones! Challenges ------------ None Game ------ Seed ThunderCobblerShredder Manual? 0 Play Time 05:15:12 Cumulative 592.4 hours Start 2024.01.29 @ 17:43:44 End 2024.01.31 @ 20:37:45 Sessions 25 Manual Loads 0 Difficulty Rogue Special Mode None Game No. 93 Rogue 76 Adventurer 17 Explorer 0 Win Type - Total 2 Types 2/0/0/0/0/0/0/0/0 Lore% 56 Gallery% 67 Achievement% 56 Wizard Run 0 Options --------- ASCII 0 Keyboard 1 Movement Vi Keybinds 0 Fullscreen 1 Font 18/Terminus Map View 76x50 Zoom Use 0% Tactical HUD 1 Map Filters NONE Filters NONE Steam 1 RUN: fccfd952-82e9-4ecc-a2a7-248ccf0817cb